 Dungeon Crawl Stone Soup version 0.24.0-41-g2ae2f7f1be (webtiles) character file.

Game seed: 12609604977712150492, levelgen mode: deterministic

63 Gwanngwann the Chiller (level 3, -8/27 HPs)
             Began as a Draconian Ice Elementalist on Dec 14, 2019.
             Mangled by a gnoll
             ... wielding a +0 halberd
              (13 damage)
             ... on level 3 of the Dungeon.
             The game lasted 00:15:11 (2099 turns).

Gwanngwann the Chiller (Draconian Ice Elementalist) Turns: 2099, Time: 00:15:12

Health: -8/27      AC:  6    Str: 10    XL:     3   Next: 89%
Magic:  4/6        EV: 12    Int: 15    God:
Gold:   131        SH:  0    Dex: 12    Spells: 5/6 levels left

rFire    . . .     SeeInvis .   c - +1 spear
rCold    . . .     Gourm    .   (no shield)
rNeg     . . .     Faith    .   (armour unavailable)
rPois    .         Spirit   .   (helmet restricted)
rElec    .         Reflect  .   g - +0 cloak
rCorr    .         Harm     .   (no gloves)
MR       .....                  (no boots)
Stlth    ++........             (no amulet)
HPRegen  0.09/turn              d - ring of attention
MPRegen  0.10/turn              i - ring of stealth

@: no status effects
A: unfitting armour, cold-blooded, AC +5
a: no special abilities


You were on level 3 of the Dungeon.
You were not hungry.

You visited 1 branch of the dungeon, and saw 3 of its levels.

You collected 131 gold pieces.

Inventory:

Hand Weapons
 a - a +0 mace
 c - a +1 spear (weapon)
Armour
 f - a +0 robe
 g - a +0 cloak (worn)
Jewellery
 d - a ring of attention (left hand)
 i - a ring of stealth (right hand)
Scrolls
 h - 2 scrolls of immolation {unknown}
 j - a scroll of identify {unknown}
 k - a scroll of enchant armour
Potions
 e - a potion of haste {unknown}
 l - a potion of magic {unknown}
Comestibles
 b - 4 rations


   Skills:
 + Level 0.5 Fighting
 + Level 1.3 Polearms
 + Level 2.3 Dodging
 + Level 2.2 Stealth
 + Level 2.2 Spellcasting
   Level 1.0 Conjurations
 + Level 3.6 Ice Magic


You had 5 spell levels left.
You knew the following spells:

 Your Spells              Type           Power        Failure   Level  Hunger
a - Freeze                Ice            ##..         4%          1    #......

Your spell library contained the following spells:

 Spells                   Type           Power        Failure   Level  Hunger
 Throw Frost              Conj/Ice       #.....       13%         2    ###....
 Ozocubu's Armour         Chrm/Ice       #.......     30%         3    ###....
 Throw Icicle             Conj/Ice       #.......     63%         4    #####..
 Summon Ice Beast         Ice/Summ       #.......     71%         4    #####..


Dungeon Overview and Level Annotations

Branches:
Dungeon (3/15)

Altars:


Innate Abilities, Weirdness & Mutations

Your plain brown scales are hard. (AC +5)
You cannot fit into any form of body armour.
You are cold-blooded and may be slowed by cold attacks.


Message History

The hobgoblin shouts!
You hit the orc but do no damage.
The orc is almost dead.
The kobold hits you but does no damage. The orc misses you.
The gnoll closely misses you. The orc hits you but does no damage.
You hit the orc.
You kill the orc!
The kobold hits you with a +0 whip. The orc barely misses you.
The gnoll hits you from afar with a +0 halberd.
You hit the hobgoblin.
The hobgoblin is heavily wounded.
The kobold barely misses you. The hobgoblin completely misses you.
The orc barely misses you.
The gnoll hits you from afar with a +0 halberd.
* * * LOW HITPOINT WARNING * * *
You completely miss the hobgoblin. You tail-slap the hobgoblin.
You kill the hobgoblin!
The kobold hits you but does no damage. The orc hits you but does no damage.
The gnoll hits you from afar with a +0 halberd!
You die...

#.. ...# .. ##...# ..
#.... .## ....# ..
#l..# #. #gg.#
#.##o..##### ####
#..@)....... ..#
.######K.##.## #.####
.......g.##.######.#...
########.##............
#.##..#####.....
#.##....)..(.<#
#......########
####...# #####


You could see 2 gnolls, an orc, a hobgoblin, a kobold and a frilled lizard.

Vanquished Creatures
  An adder (D:2)
  An ooze (D:2)
  2 dart slugs (D:1)
  2 leopard geckos
  2 orcs (D:3)
  3 giant cockroaches
  3 goblins (D:1)
  8 hobgoblins
  5 kobolds
  A quokka (D:2)
  A ball python (D:3)
  2 bats (D:1)
  4 frilled lizards (D:1)
  6 rats
41 creatures vanquished.

Notes
Turn   | Place    | Note
-------+----------+-------------------------------------------
     0 | D:1      | Gwanngwann the Draconian Ice Elementalist began the quest
                  | for the Orb.
     0 | D:1      | Reached XP level 1. HP: 14/14 MP: 3/3
   382 | D:1      | Reached XP level 2. HP: 14/20 MP: 5/5
  1231 | D:2      | Reached XP level 3. HP: 11/26 MP: 4/6
  1519 | D:2      | Reached skill level 1 in Polearms
  2099 | D:3      | Mangled by a gnoll

Levels and vault maps discovered:
D:1:      psy_arrival_terrarium, layout_basic, minivault_23
D:2:      layout_rooms, first_ration
D:3:      layout_loops_ring, fedhas_altar_4

Skill      XL: |  1  2  3 |
---------------+----------+-----
Dodging        | 2 |  2.3
Stealth        | 2 |  2.2
Polearms       | 1 |  1.3
Fighting       | |  0.5
Spellcasting   | |  2.2
Conjurations   | |  1.0
Ice Magic      | |  3.6

Action                   || total
-------------------------++-------
Melee: Unarmed           ||    23
       Spear             ||   115
       Tailslap          ||    13
 Cast: Freeze            ||    12
  Use: Scroll            ||     5
 Stab: Sleeping          ||     3
  Eat: Chunk             ||     3
       Ration            ||     1
Armor: Skin              ||    45
Dodge: Dodged            ||    85
